 Dungeon Crawl Stone Soup version 0.32-a0-705-g60f233581c (webtiles) character file.

Game seed: 1220041730012837167

2 Aldia the Charlatan (level 1, -3/15 HPs)
             Began as a Demonspawn Artificer on Mar 14, 2024.
             Slain by a kobold
             ... wielding a +0 dagger of electrocution
              (18 damage)
             ... on level 1 of the Dungeon.
             The game lasted 00:00:24 (82 turns).

Aldia the Charlatan (Demonspawn Artificer)            Turns: 82, Time: 00:00:24

Health: -3/15      AC:  3    Str: 12    XL:     1   Next: 33%
Magic:  1/1        EV: 10    Int: 11    God:
Gold:   10         SH:  0    Dex: 13    Spells: 0/0 levels left

rFire   . . .        a - +0 club
rCold   . . .        (no shield)
rNeg    . . .        b - +0 leather armour
rPois   .            (no helmet)
rElec   .            (no cloak)
rCorr   .            (no gloves)
SInv    .            (no boots)
Will    .....        (no amulet)
Stlth   +            (no ring)
HPRegen 0.22/turn    (no ring)
MPRegen 0.07/turn

%: no passive effects
@: no status effects
A: no striking features
a: no special abilities


You were on level 1 of the Dungeon.
You visited 1 branch of the dungeon, and saw 1 of its levels.

You collected 10 gold pieces.

Inventory:

Hand Weapons
 a - a +0 club (weapon)
Armour
 b - a +0 leather armour (worn)
Wands
 c - a wand of flame (14) (quivered)
 d - a wand of charming (15)
 e - a wand of iceblast (5)


   Skills:
 + Level 1.1 Fighting
 + Level 1.8 Armour
 - Level 1.0 Dodging
 - Level 1.0 Stealth
 - Level 3.0 Evocations


You couldn't memorise any spells.
You didn't know any spells.
Your spell library was empty.

Dungeon Overview and Level Annotations

Branches:
Dungeon (1/15)

Altars:


Message History

You hit the bat but do no damage. The bat closely misses you.
The bat barely misses you.
You closely miss the bat. The bat barely misses you.
You hit the bat but do no damage. The bat barely misses you. x2
You barely miss the bat. The bat hits you but does no damage.
You miss the bat. The bat hits you but does no damage. x2
You hit the bat but do no damage. The bat hits you but does no damage.
You hit the bat.
You kill the bat!
Training target 1.0 for Stealth reached!
Your Stealth skill increases to level 1!
No target in view!
No target in view!
A ball python comes into view.
The helpless ball python fails to defend itself.
You hit the ball python.
The ball python is severely wounded.
The ball python barely misses you. The ball python closely misses you.
The ball python bites you. The ball python grabs you.
The ball python constricts you.
You completely miss the ball python.
The ball python is severely wounded.
The ball python bites you but does no damage.
The ball python constricts you.
You hit the ball python.
You kill the ball python!
Training target 1.0 for Dodging reached!
Your Dodging skill increases to level 1!
No target in view!
No target in view!
HP restored.
A kobold comes into view.
It is wielding a +0 dagger of electrocution.
The kobold shouts!
A goblin comes into view. It is wielding a +0 dagger.
The kobold closely misses you.
You hit the kobold.
The kobold is moderately wounded.
The kobold hits you but does no damage.
You are electrocuted!!
Ouch! That really hurt!
You die...

##### ....#
################..g.
#.............#...#
##......####.#.K.#
#......##....@..#
#......##.#.....#
#......##.#.....#
###.####### #.....#
#.......... #.....#
#.......... #.....#
##.......... #.....#
..##.####### #....^.
.†.#.#


You could see a goblin and a kobold.

Vanquished Creatures
  A giant cockroach (D:1)
  A ball python (D:1)
  A bat (D:1)
3 creatures vanquished.

Notes
Turn   | Place    | Note
-------+----------+-------------------------------------------
     0 | D:1      | Aldia the Demonspawn Artificer began the quest for the Orb.
     0 | D:1      | Reached XP level 1. HP: 15/15 MP: 1/1
    42 | D:1      | Reached skill level 1 in Stealth
    53 | D:1      | Reached skill level 1 in Dodging
    82 | D:1      | Slain by a kobold

Illustrated notes

Levels and vault maps discovered:
D:1:      matt_arrival_los_fun, layout_basic, dreamdust_ecumenical_altar_grove

Skill      XL: |  1 |
---------------+----+-----
Stealth        | 1 |  1.0
Dodging        | 1 |  1.0
Fighting       | |  1.1
Armour         | |  1.8
Evocations     | |  3.0

Action                     || total
---------------------------++-------
  Melee: Club              ||    12
  Evoke: Wand              ||     1
   Stab: Sleeping          ||     1
 Armour: Leather armour    ||     9
  Dodge: Dodged            ||     9

Table legend: (Time is in decaauts)
 A = Elapsed time spent in this place.
 B = Non-inter-level travel time spent in this place.
 C = Inter-level travel time spent in this place.
 D = Time resting spent in this place.
 E = Time spent auto-exploring this place.
 F = Levels seen in this place.
 G = Mean time per level.
                   A        B        C        D        E       F      G
               +--------+--------+--------+--------+--------+-----+--------+
         Total |     85 |     85 |      0 |      0 |     60 |   1 |   85.0 |
       Dungeon |     85 |     85 |      0 |      0 |     60 |   1 |   85.0 |
               +--------+--------+--------+--------+--------+-----+--------+

Top non-repeatable levels by time:
     D:1: 85 daAuts
